 Dungeon Sprint DCSS version 0.20-a0-59-g66a9409 (console) character file.

887 Blackmore the Thaumaturge (level 7, -1/36 HPs)
             Began as a Deep Elf Ice Elementalist on Nov 16, 2016.
             Was a High Priest of Sif Muna.
             Killed from afar by a manticore (11 damage)
             ... with a volley of spikes
             ... in the Dungeon (Sprint VII: "The Pits").
             The game lasted 00:07:38 (1230 turns).

Blackmore the Thaumaturge (DEIE)                    Turns: 1230, Time: 00:07:40

Health: -1/36      AC:  2    Str:  5    XL:     7   Next: 77%
Magic:  24/24      EV: 15    Int: 22    God:    Sif Muna [*****.]
Gold:   0          SH:  0    Dex: 15    Spells: 6 memorised, 12 levels left

rFire  . . .     SeeInvis .     s - +1 dagger (elec)
rCold  . . .     Gourm    .     a - +0 robe
rNeg   . . .     Faith    .     (no shield)
rPois  .         Spirit   .     (no helmet)
rElec  .         Reflect  .     (no cloak)
rCorr  .         Harm     .     (no gloves)
MR     .....     NoTele   +     (no boots)
Stlth  +++.......               (no amulet)
                                (no ring)
                                (no ring)

@: barbed spikes, divine energy
A: no striking features
a: Stop Divine Energy, Channel Magic, Forget Spell, Renounce Religion


You were in the Dungeon.
You worshipped Sif Muna.
Sif Muna was extremely pleased with you.
You were not hungry.

You visited 1 branch

Inventory:

Hand Weapons
 j - a +2 dagger
 k - a +2 falchion of holy wrath
 r - a +2 long sword of flaming
 s - a +1 dagger of electrocution (weapon)
Armour
 a - a +0 robe (worn)
Scrolls
 i - a scroll of blinking
 m - 3 scrolls of remove curse
 n - 5 scrolls of amnesia
 o - a scroll of summoning
Potions
 d - 6 potions of curing
 e - 4 potions of heal wounds
 f - a potion of haste
 g - 3 potions of magic
 l - 2 potions of invisibility
Books
 b - a book of Frost

   Spells                             Type                      Level
   a - Freeze                         Ice                          1
   b - Throw Frost                    Conjuration/Ice              2
   c - Ozocubu's Armour               Charms/Ice                   3
   d - Throw Icicle                   Conjuration/Ice              4
   e - Summon Ice Beast               Ice/Summoning                4
 t - Sif Muna's Papyrus of Damaging Necromancy
   (Sif Muna gifted it to you in the Dungeon)

   Spells                             Type                      Level
   a - Shock                          Conjuration/Air              1
   b - Magic Dart                     Conjuration                  1
   c - Throw Icicle                   Conjuration/Ice              4
   d - Iskenderun's Mystic Blast      Conjuration                  4
   e - Animate Dead                   Necromancy                   4
   f - Death Channel                  Necromancy                   6
Comestibles
 c - 8 bread rations
 h - 3 chunks of flesh
 p - 40 fruits
 q - 7 meat rations


   Skills:
 - Level 2.5 Short Blades
 + Level 5.2 Dodging
 + Level 6.6 Stealth
 * Level 12.4 Spellcasting
 + Level 3.8 Conjurations
 + Level 4.3 Summonings
 * Level 12.3 Ice Magic


You had 12 spell levels left.
You knew the following spells:

 Your Spells              Type           Power        Failure   Level  Hunger
a - Freeze                Ice            ####         1%          1    None
b - Throw Frost           Conj/Ice       #####.       1%          2    None
c - Ozocubu's Armour      Chrm/Ice       #####...     1%          3    None
d - Throw Icicle          Conj/Ice       #####...     1%          4    None
e - Summon Ice Beast      Ice/Summ       ######..     1%          4    None
f - Iskenderun's Mystic   Conj           ####....     12%         4    None


Dungeon Overview and Level Annotations

Branches:
Dungeon (1/1)

Altars:
Ashenzari
Cheibriados
Dithmenos
Elyvilon
Fedhas
Gozag
Hepliaklqana
Kikubaaqudgha
Makhleb
Nemelex Xobeh
Okawaru
Qazlal
Ru
Sif Muna
Trog
Uskayaw
Vehumet
Xom
Yredelemnul
Zin
The Shining One
Beogh
Jiyva
Lugonu


Message History

The manticore barely misses your ice beast. x2
The manticore claws your ice beast! Magic courses through your body.
Your ice beast hits the manticore but does no damage.
The manticore bites your ice beast.
The manticore barely misses your ice beast. x2
You are unable to access your magic!
Okay, then.
Unknown command.
Unknown command.
Your ice beast barely misses the manticore.
The manticore bites your ice beast!! The manticore claws your ice beast. x2
Your ice beast dies!
The barbed spikes dig painfully into your body as you move.
* * * LOW HITPOINT WARNING * * *
You regain access to your magic.
The manticore flicks its tail.
The volley of spikes hits you!
The barbed spikes become lodged in your body.
You die...

#.#........##.......#
#)###########.......#
#.......#.. #########
#.###...#)# ####
#.#.....#[#....#
#.#...#.#'#†...#
#.....#.#YD....+
#...###.#H#
#...@..)'÷#
###########


You could see a manticore.

Vanquished Creatures
  A flying skull (D)
  A black bear (D)
  2 slaves (D)
  A big kobold (D)
  An orc wizard (D)
  3 gnolls (D)
  2 river rats (D)
  2 ufetubi (D)
  A goblin (D)
  A jackal (D)
  A kobold (D)
  A quokka zombie (D)
17 creatures vanquished.

Vanquished Creatures (collateral kills)
  Pikel (D)
  An ugly thing (D)
  A warg (D)
  An orc wizard (D)
  An iron imp (D)
  An orc (D)
6 creatures vanquished.

Vanquished Creatures (others)
  A slave (D)
1 creature vanquished.

Grand Total: 24 creatures vanquished

Notes
Turn   | Place    | Note
-------+----------+-------------------------------------------
     0 | D        | Blackmore the Deep Elf Ice Elementalist began the quest for the Orb.
     0 | D        | Reached XP level 1. HP: 10/10 MP: 6/6
    15 | D        | Found a radiant altar of Vehumet.
    15 | D        | Found a hide-covered altar of Uskayaw.
    15 | D        | Found an ancient bone altar of Kikubaaqudgha.
    15 | D        | Found a viscous altar of Jiyva.
    15 | D        | Found a hazy altar of Hepliaklqana.
    17 | D        | Reached XP level 2. HP: 3/15 MP: 5/9
    18 | D        | Found a bloodstained altar of Trog.
    18 | D        | Found a deep blue altar of Sif Muna.
    18 | D        | Found a sacrificial altar of Ru.
    18 | D        | Found a stormy altar of Qazlal.
    18 | D        | Found an iron altar of Okawaru.
    18 | D        | Found a sparkling altar of Nemelex Xobeh.
    18 | D        | Found an opulent altar of Gozag.
    18 | D        | Found a blossoming altar of Fedhas.
    18 | D        | Found a white marble altar of Elyvilon.
    18 | D        | Found a shadowy altar of Dithmenos.
    18 | D        | Found a snail-covered altar of Cheibriados.
    19 | D        | Found a burning altar of Makhleb.
    19 | D        | Found a glowing golden altar of the Shining One.
    19 | D        | Found a glowing silver altar of Zin.
    19 | D        | Found a basalt altar of Yredelemnul.
    19 | D        | Found a roughly hewn altar of Beogh.
    20 | D        | Found a corrupted altar of Lugonu.
    20 | D        | Found a shimmering altar of Xom.
    20 | D        | Found a shattered altar of Ashenzari.
    24 | D        | Became a worshipper of Sif Muna the Loreminder
    28 | D        | Learned a level 2 spell: Throw Frost
   249 | D        | Reached skill level 5 in Ice Magic
   254 | D        | Reached * piety under Sif Muna
   254 | D        | Reached XP level 3. HP: 18/19 MP: 8/11
   261 | D        | Learned a level 3 spell: Ozocubu's Armour
   354 | D        | Noticed a big kobold
   372 | D        | Reached skill level 5 in Spellcasting
   380 | D        | Killed a big kobold
   380 | D        | Reached ** piety under Sif Muna
   380 | D        | Reached skill level 1 in Short Blades
   380 | D        | Reached XP level 4. HP: 24/24 MP: 12/14
   436 | D        | Learned a level 4 spell: Throw Icicle
   441 | D        | Learned a level 4 spell: Summon Ice Beast
   534 | D        | Noticed a warg
   540 | D        | Reached XP level 5. HP: 19/28 MP: 3/16
   552 | D        | Killed a warg
   552 | D        | Reached *** piety under Sif Muna
   579 | D        | Noticed a flying skull
   690 | D        | Killed a flying skull
   690 | D        | Reached **** piety under Sif Muna
   690 | D        | Reached skill level 5 in Stealth
   690 | D        | Reached skill level 10 in Ice Magic
   690 | D        | Reached XP level 6. HP: 16/32 MP: 8/20
   898 | D        | Reached skill level 10 in Spellcasting
  1088 | D        | Reached skill level 5 in Dodging
  1092 | D        | Noticed a brown ugly thing
  1126 | D        | Killed a brown ugly thing
  1126 | D        | Reached ***** piety under Sif Muna
  1126 | D        | Identified Sif Muna's Papyrus of Damaging Necromancy (Sif Muna gifted it to you in the Dungeon)
  1126 | D        | Received a gift from Sif Muna
  1126 | D        | Reached XP level 7. HP: 36/36 MP: 12/24
  1143 | D        | Learned a level 4 spell: Iskenderun's Mystic Blast
  1194 | D        | Noticed Pikel
  1206 | D        | Killed Pikel
  1208 | D        | Noticed a steam dragon
  1211 | D        | Noticed a manticore
  1230 | D        | Killed from afar by a manticore

Vault maps used:
D:        pitsprint

Skill      XL: |  1  2  3  4  5  6  7 |
---------------+----------------------+-----
Spellcasting   | 4 6 7 9 11 12 | 12.4
Ice Magic      | 4 6 8 9 10 11 12 | 12.3
Stealth        | 3 4 5 6 |  6.6
Dodging        | 3 4 5 |  5.2
Short Blades   | 1 2 |  2.5
Conjurations   | 2 3 |  3.8
Summonings     | 2 3 4 |  4.3

Action                   |  1- 3 |  4- 6 |  7- 9 || total
-------------------------+-------+-------+-------++-------
Melee: Dagger            |    17 |     5 |     2 ||    24
       Falchion          |       |     4 |       ||     4
 Cast: Freeze            |     3 |       |       ||     3
       Throw Frost       |     1 |     5 |     1 ||     7
       Summon Ice Beast  |       |     9 |     5 ||    14
       Throw Icicle      |       |     1 |     2 ||     3
Invok: Divine Energy     |       |     1 |       ||     1
  Use: Potion            |     2 |     1 |     3 ||     6
 Stab: Sleeping          |     1 |     2 |     2 ||     5
  Eat: Chunk             |       |     1 |     1 ||     2
Armor: Robe              |     2 |       |       ||     2
Dodge: Dodged            |    15 |     4 |     1 ||    20
       Rpst.: Falchion   |       |     1 |       ||     1
